 Dungeon Crawl Stone Soup version 0.24-a0-254-gf493760c10 (webtiles) character file.

Game seed: 7720998834967923264

123 Hercules1031 the Shield-Bearer (level 5, 0/42 HPs)
             Began as a Formicid Fighter on Apr 14, 2019.
             Slain by an orc priest
             ... wielding a +0 trident
              (4 damage)
             ... on level 3 of the Dungeon on Apr 18, 2019.
             The game lasted 00:06:09 (1609 turns).

Hercules1031 the Shield-Bearer (Formicid Fighter)   Turns: 1609, Time: 00:06:10

Health: 0/42       AC:  7    Str: 22    XL:     5   Next: 29%
Magic:  5/5        EV:  9    Int:  7    God:
Gold:   67         SH:  9    Dex: 10    Spells: 4/4 levels left

rFire    . . .     SeeInvis +   a - +0 war axe
rCold    . . .     Gourm    .   c - +0 shield
rNeg     . . .     Faith    .   b - +0 scale mail
rPois    .         Spirit   .   (helmet unavailable)
rElec    .         Reflect  .   (no cloak)
rCorr    .         Harm     .   (no gloves)
MR       .....                  (no boots)
Stlth    ..........             (no amulet)
HPRegen  0.14/turn              (no ring)
MPRegen  0.09/turn              (no ring)

@: no status effects
A: permanent stasis, dig shafts and tunnels, four strong arms, antennae 3
a: Dig, Shaft Self


You were on level 3 of the Dungeon.
You were not hungry.

You visited 1 branch of the dungeon, and saw 3 of its levels.

You collected 67 gold pieces.

Inventory:

Hand Weapons
 a - a +0 war axe (weapon)
Armour
 b - a +0 scale mail (worn)
 c - a +0 shield (worn)
Scrolls
 e - a scroll of blinking
 g - a scroll of fog
 m - 2 scrolls of enchant armour
Comestibles
 f - a ration


   Skills:
 + Level 4.0 Fighting
 + Level 2.8 Axes
 + Level 4.0 Armour
 + Level 1.6 Dodging
 + Level 4.4 Shields


You had 4 spell levels left.
You didn't know any spells.
Your spell library was empty.

Dungeon Overview and Level Annotations

Branches:
Dungeon (3/15)

Altars:
Qazlal
Beogh


Innate Abilities, Weirdness & Mutations

You cannot be hasted, slowed, berserked, paralysed or teleported.
You can dig through walls and to a lower floor.
Your four strong arms can wield two-handed weapons with a shield.
You have a pair of large antennae on your head. (SInv)


Message History

You block the orc priest's attack.
The orc priest hits you but does no damage.
You block the orc priest's attack.
The orc priest hits you but does no damage.
The orc priest looks satisfied for a moment.
The orc priest hits you from afar with a +0 trident.
* * * LOW HITPOINT WARNING * * *
The orc priest completely misses you.
The orc priest hits you but does no damage.
You block the orc priest's attack.
You feel less wooden.
Your +0 scale mail unmelds from your body.
The orc priest hits you but does no damage.
You block the orc priest's attack.
You barely miss the orc priest.
The orc priest looks satisfied for a moment.
You barely miss the orc priest.
You feel a little less mighty now.
The orc priest hits you with a +0 trident.
You die...

#<# #.#
#.# #.#
#.# #.##
..# #.#
##..#
.... <.#
#.))#
...##
#(#.#
...#
#.#.#
#...
#.#.#
#.#.
####.#.#
#.@..#.#
#o##.#.#
#.))###.#
#$8.8.#
#$.$$.#
#.8$8$#
##$_$##
#####


You could see an orc priest.

Vanquished Creatures
  2 orc priests (D:3)
  An ooze (D:1)
  A worm (D:2)
  A dart slug (D:1)
  An orc (D:3)
  2 ball pythons
  2 giant cockroaches (D:1)
  4 goblins
  9 hobgoblins
  2 quokkas (D:2)
  8 bats
  5 frilled lizards
  7 kobolds
  3 rats
48 creatures vanquished.

Notes
Turn   | Place    | Note
-------+----------+-------------------------------------------
     0 | D:1      | Hercules1031 the Formicid Fighter began the quest for the
                  | Orb.
     0 | D:1      | Reached XP level 1. HP: 18/18 MP: 1/1
   160 | D:1      | Reached XP level 2. HP: 24/24 MP: 2/2
   648 | D:1      | Reached XP level 3. HP: 27/29 MP: 3/3
   872 | D:2      | Upgraded the game from 0.24-a0-250-g6074511092 to
                  | 0.24-a0-254-gf493760c10
   939 | D:2      | Reached skill level 1 in Dodging
  1028 | D:2      | Found a stormy altar of Qazlal.
  1030 | D:2      | Noticed an air elemental
  1030 | D:2      | Noticed a water elemental
  1031 | D:2      | Noticed a fire elemental
  1031 | D:2      | Noticed an earth elemental
  1221 | D:2      | Reached XP level 4. HP: 37/37 MP: 4/4
  1560 | D:3      | Found a roughly hewn altar of Beogh.
  1572 | D:3      | Reached XP level 5. HP: 9/42 MP: 5/5
  1578 | D:3      | HP: 2/63 [orc priest/divine providence (8)]
  1609 | D:3      | Slain by an orc priest

Levels and vault maps discovered:
D:1:      tarquinn_simple_flora_water_a, layout_loops_corners
D:2:      layout_loops_ring, first_ration, nicolae_qazlal_style_of_elements
D:3:      cheibrodos_pilgrimage, layout_loops_ring, marbit_many_paths,
          kennysheep_orc_chapel

Skill      XL: |  1  2  3  4 |
---------------+-------------+-----
Dodging        | 1 |  1.6
Shields        | 4 |  4.4
Fighting       | 4 |  4.0
Armour         | 4 |  4.0
Axes           | |  2.8

Action                   |  1- 3 |  4- 6 || total
-------------------------+-------+-------++-------
Melee: War axe           |   140 |    30 ||   170
  Use: Potion            |       |     3 ||     3
       Scroll            |       |     7 ||     7
  Eat: Ration            |     1 |       ||     1
Armor: Scale mail        |    71 |    17 ||    88
       Skin              |       |    12 ||    12
Dodge: Dodged            |    73 |    21 ||    94
Block: Shield            |   109 |    25 ||   134

Table legend:
 A = Non-vault XP
 B = Vault XP
 C = Vault XP percentage of total XP
 D = Non-vault monster count
 E = Vault monster count
 F = Vault count percentage of total count
                 A         B        C        D         E       F
            +---------+---------+-------+---------+---------+-------
      Total |      87 |      90 |  50.8 |      45 |       3 |   6.2
            +---------+---------+-------+---------+---------+-------
        D:1 |      35 |       0 |   0.0 |      18 |       0 |   0.0
        D:2 |      48 |       0 |   0.0 |      25 |       0 |   0.0
        D:3 |       4 |      90 |  95.7 |       2 |       3 |  60.0
            +---------+---------+-------+---------+---------+-------
